ESL (28 & UNDER)
SPRINGFIELD SIMPSONS @ READING RAINBOWS
09/26/2026
 
TOP OF THE 1ST
Springfield Simpsons batting - Pitching for Reading Rainbows : LHP Armando Rodríguez
Pitching: LHP Armando Rodríguez
Batting: RHB Nick Harris 0-0: Called Strike
0-1: Ball
1-1: Foul Ball, location: 2F
1-2: Foul Ball, location: 2F
1-2: Ball
2-2: Ball
3-2: Foul Ball, location: 2F
3-2: Fly out, F7 (Flyball, 7M)
Batting: RHB Ken McDonald 0-0: Called Strike
0-1: Foul Ball, location: 2F
0-2: Foul Ball, location: 2F
0-2: Ball
1-2: Ball
2-2: Foul Ball, location: 2F
2-2: Ground out 5-3 (Groundball, 56)
Batting: SHB José Cruz 0-0: Foul Ball, location: 2F
0-1: Ball
1-1: Ball
2-1: Ball
3-1: Swinging Strike
3-2: Foul Ball, location: 2F
3-2: Base on Balls
Batting: RHB Brant Sherman 0-0: Called Strike
0-1: Ground out 2-3 (Groundball, 2L)
Top of the 1st over - 0 run(s), 0 hit(s), 0 error(s), 1 left on base; Springfield 0 - Reading 0
BOTTOM OF THE 1ST
Reading Rainbows batting - Pitching for Springfield Simpsons : RHP Don Wiggins
Pitching: RHP Don Wiggins
Batting: LHB Alfonso Ruíz 0-0: Ball
1-0: Ground out 3-1 (Groundball, 34)
Batting: LHB Richard Henry 0-0: Called Strike
0-1: Foul Ball, location: 2F
0-2: Ground out 5-3 (Groundball, 56)
Batting: RHB Dan Banks 0-0: Ball
1-0: Swinging Strike
1-1: Foul Ball, location: 2F
1-2: Strikes out swinging
Bottom of the 1st over - 0 run(s), 0 hit(s), 0 error(s), 0 left on base; Springfield 0 - Reading 0
TOP OF THE 2ND
Springfield Simpsons batting - Pitching for Reading Rainbows : LHP Armando Rodríguez
Batting: RHB Gavin Downey 0-0: Ball
1-0: SINGLE (Line Drive, 7S)
Batting: RHB Manny Ramírez 0-0: Foul Ball, location: 2F
0-1: Ball
1-1: Foul Ball, location: 2F
1-2: Fly out, F3 (Popup, 3F)
Batting: LHB Pedro Cerda 0-0: Called Strike
0-1: Swinging Strike
0-2: Ball
1-2: SINGLE (Line Drive, 89M)
Gavin Downey to second
Batting: RHB Esteban Salas 0-0: Ball
1-0: Foul Ball, location: 2F
1-1: SINGLE (Line Drive, 56)
Gavin Downey to third
Pedro Cerda to second
Runner from 3rd tries for Home, SAFE, no throw or cutoff
Batting: RHB Valentín Ramírez 0-0: Ball
1-0: Ball
2-0: Called Strike
2-1: Called Strike
Pedro Cerda is caught stealing 3rd base
Esteban Salas to second
2-2: Strikes out looking
Top of the 2nd over - 1 run(s), 3 hit(s), 0 error(s), 1 left on base; Springfield 1 - Reading 0
BOTTOM OF THE 2ND
Reading Rainbows batting - Pitching for Springfield Simpsons : RHP Don Wiggins
Batting: RHB Hubert Brown 0-0: Ball
1-0: SINGLE (Line Drive, 56)
Batting: RHB Albert Lutz 0-0: Ball
1-0: Called Strike
1-1: Swinging Strike
1-2: Foul Ball, location: 2F
1-2: Foul Ball, location: 2F
1-2: Foul Ball, location: 2F
1-2: Foul Ball, location: 2F
1-2: DOUBLE (Groundball, 5L)
Hubert Brown to third
Batting: LHB Shane Lynch 0-0: Swinging Strike
0-1: Ball
1-1: Ground out 4-3 (Groundball, 4M)
Hubert Brown scores
Albert Lutz to third
Batting: RHB Von Ford 0-0: Foul Ball, location: 2F
0-1: Ball
1-1: Ball
2-1: Fly out, F9 (Flyball, 89M)
Runner from 3rd tags up, SCORES, throw made
Batting: RHB Donald Sanford 0-0: Ball
1-0: Swinging Strike
1-1: Called Strike
1-2: Fly out, F9 (Flyball, 89S)
Bottom of the 2nd over - 2 run(s), 2 hit(s), 0 error(s), 0 left on base; Springfield 1 - Reading 2
TOP OF THE 3RD
Springfield Simpsons batting - Pitching for Reading Rainbows : LHP Armando Rodríguez
Batting: RHB Nick Harris 0-0: Ball
1-0: Ball
2-0: Ball
3-0: Base on Balls
Batting: RHB Ken McDonald 0-0: Called Strike
Nick Harris steals 2nd base
0-1: Foul Ball, location: 2F
0-2: Ball
1-2: Ball
2-2: Ball
3-2: Foul Ball, location: 2F
3-2: Ground out 6-3 (Groundball, 6)
Batting: SHB José Cruz 0-0: Foul Ball, location: 2F
0-1: Ball
1-1: Ball
2-1: Ball
3-1: Foul Ball, location: 2F
3-2: Foul Ball, location: 2F
3-2: Ground out 6-3 (Groundball, 6)
Nick Harris to third
Batting: RHB Brant Sherman 0-0: Ground out 4-3 (Groundball, 4)
Top of the 3rd over - 0 run(s), 0 hit(s), 0 error(s), 1 left on base; Springfield 1 - Reading 2
BOTTOM OF THE 3RD
Reading Rainbows batting - Pitching for Springfield Simpsons : RHP Don Wiggins
Batting: LHB Wally Coker 0-0: Ball
1-0: Fly out, F8 (Flyball, 78D)
Batting: LHB Alfonso Ruíz 0-0: Foul Ball, location: 2F
0-1: DOUBLE (Line Drive, 3L)
Batting: LHB Richard Henry 0-0: Called Strike
0-1: Swinging Strike
0-2: Ball
1-2: Ball
2-2: 2-RUN HOME RUN (Flyball, 7D), Distance : 362 ft
Batting: RHB Dan Banks 0-0: Ball
1-0: Foul Ball, location: 2F
1-1: Foul Ball, location: 2F
1-2: Strikes out looking
Batting: RHB Hubert Brown 0-0: SINGLE (Groundball, 56)
Batting: RHB Albert Lutz 0-0: Called Strike
0-1: SINGLE (Flyball, 6MD)
Hubert Brown to second
Runner from 2nd tries for 3rd, SAFE, throw made to third
Batting: LHB Shane Lynch 0-0: Ball
1-0: Foul Ball, location: 2F
1-1: Fielders Choice at 2nd, U6 (Groundball, 6M)
Bottom of the 3rd over - 2 run(s), 4 hit(s), 0 error(s), 2 left on base; Springfield 1 - Reading 4
TOP OF THE 4TH
Springfield Simpsons batting - Pitching for Reading Rainbows : LHP Armando Rodríguez
Batting: RHB Gavin Downey 0-0: Called Strike
0-1: Ball
1-1: Called Strike
1-2: Foul Ball, location: 2F
1-2: Foul Ball, location: 2F
1-2: Ball
2-2: Strikes out looking
Batting: RHB Manny Ramírez 0-0: Ball
1-0: Ball
2-0: Ball
3-0: Base on Balls
Batting: LHB Pedro Cerda 0-0: Ball
Wild Pitch!
Manny Ramírez to second
1-0: Ball
2-0: Ball
3-0: Base on Balls
Batting: RHB Esteban Salas 0-0: Called Strike
0-1: Foul Ball, location: 2F
0-2: Ball
1-2: Strikes out swinging
Batting: RHB Valentín Ramírez 0-0: Ground out 5-3 (Groundball, 6)
Top of the 4th over - 0 run(s), 0 hit(s), 0 error(s), 2 left on base; Springfield 1 - Reading 4
BOTTOM OF THE 4TH
Reading Rainbows batting - Pitching for Springfield Simpsons : RHP Don Wiggins
Batting: RHB Von Ford 0-0: Called Strike
0-1: Ball
1-1: Ground out U3 (Groundball, 3L)
Batting: RHB Donald Sanford 0-0: Called Strike
0-1: Foul Ball, location: 2F
0-2: Ball
1-2: Strikes out swinging
Batting: LHB Wally Coker 0-0: Fly out, F7 (Flyball, 7S)
Bottom of the 4th over - 0 run(s), 0 hit(s), 0 error(s), 0 left on base; Springfield 1 - Reading 4
TOP OF THE 5TH
Springfield Simpsons batting - Pitching for Reading Rainbows : LHP Armando Rodríguez
Batting: RHB Nick Harris 0-0: Ball
1-0: Foul Ball, location: 2F
1-1: Foul Ball, location: 2F
1-2: Ball
2-2: Foul Ball, location: 2F
2-2: Fly out, F6 (Popup, 6)
Batting: RHB Ken McDonald 0-0: Ball
1-0: Called Strike
1-1: Foul Ball, location: 2F
1-2: Strikes out swinging
Batting: SHB José Cruz 0-0: Foul Ball, location: 2F
0-1: Foul Ball, location: 2F
0-2: Ball
1-2: Strikes out swinging
Top of the 5th over - 0 run(s), 0 hit(s), 0 error(s), 0 left on base; Springfield 1 - Reading 4
BOTTOM OF THE 5TH
Reading Rainbows batting - Pitching for Springfield Simpsons : RHP Don Wiggins
Batting: LHB Alfonso Ruíz 0-0: Ground out 4-3 (Groundball, 4M)
Batting: LHB Richard Henry 0-0: Ball
1-0: Ground out 4-3 (Groundball, 4)
Batting: RHB Dan Banks 0-0: Foul Ball, location: 2F
0-1: SINGLE (Line Drive, 89S)
Batting: RHB Hubert Brown 0-0: Foul Ball, location: 2F
0-1: Ball
1-1: Swinging Strike
1-2: Ball
2-2: Fielders Choice at 2nd, 6-4 (Groundball, 6)
Bottom of the 5th over - 0 run(s), 1 hit(s), 0 error(s), 0 left on base; Springfield 1 - Reading 4
TOP OF THE 6TH
Springfield Simpsons batting - Pitching for Reading Rainbows : LHP Armando Rodríguez
Pitching: LHP Beau Montgomery
Batting: RHB Brant Sherman 0-0: Swinging Strike
0-1: SINGLE (Line Drive, 34D)
Batting: RHB Gavin Downey 0-0: Ball
1-0: Swinging Strike
1-1: Ball
2-1: Ball
3-1: Foul Ball, location: 2F
3-2: Foul Ball, location: 2F
3-2: Base on Balls
Brant Sherman to second
Batting: RHB Manny Ramírez 0-0: Foul Ball, location: 2F
0-1: Foul Ball, location: 2F
0-2: Ball
1-2: Ball
2-2: Strikes out swinging
Batting: LHB Pedro Cerda 0-0: Ball
1-0: Foul Ball, location: 2F
1-1: Foul Ball, location: 2F
1-2: Ball
2-2: Foul Ball, location: 2F
2-2: Strikes out looking
Batting: RHB Esteban Salas 0-0: Ball
1-0: SINGLE (Flyball, 4D)
Brant Sherman to third
Gavin Downey to second
Runner from 3rd tries for Home, SAFE, no throw or cutoff
Batting: RHB Valentín Ramírez 0-0: Ground out 1-3 (Groundball, 13)
Top of the 6th over - 1 run(s), 2 hit(s), 0 error(s), 2 left on base; Springfield 2 - Reading 4
BOTTOM OF THE 6TH
Reading Rainbows batting - Pitching for Springfield Simpsons : RHP Don Wiggins
Batting: RHB Albert Lutz 0-0: Called Strike
0-1: Ground out 1-3 (Groundball, 15)
Batting: LHB Shane Lynch 0-0: Ball
1-0: Foul Ball, location: 2F
1-1: Ball
2-1: Ball
3-1: Foul Ball, location: 2F
3-2: SINGLE (Groundball, 4M)
Batting: RHB Von Ford 0-0: Called Strike
0-1: Ball
1-1: SINGLE (Groundball, 4M)
Shane Lynch to second
Batting: RHB Donald Sanford 0-0: Ball
1-0: Foul Ball, location: 2F
1-1: Ball
2-1: 3-RUN HOME RUN (Flyball, 7D), Distance : 368 ft
Pitching: RHP Dave Adams
Batting: LHB Wally Coker 0-0: Swinging Strike
0-1: Called Strike
0-2: Ground out 5-3 (Groundball, 56S)
Batting: LHB Alfonso Ruíz 0-0: Ball
1-0: Ball
2-0: SINGLE (Groundball, 6M)
Batting: LHB Richard Henry 0-0: Foul Ball, location: 2F
0-1: Ball
1-1: Fly out, F9 (Flyball, 9LD)
Bottom of the 6th over - 3 run(s), 4 hit(s), 0 error(s), 1 left on base; Springfield 2 - Reading 7
TOP OF THE 7TH
Springfield Simpsons batting - Pitching for Reading Rainbows : LHP Beau Montgomery
Batting: RHB Nick Harris 0-0: Fly out, F7 (Flyball, 78M)
Batting: RHB Ken McDonald 0-0: Ball
1-0: SINGLE (Line Drive, 89S)
Batting: SHB José Cruz 0-0: Ball
1-0: Grounds into double play, 6-4-3 (Groundball, 6)
Top of the 7th over - 0 run(s), 1 hit(s), 0 error(s), 0 left on base; Springfield 2 - Reading 7
BOTTOM OF THE 7TH
Reading Rainbows batting - Pitching for Springfield Simpsons : RHP Dave Adams
Batting: RHB Dan Banks 0-0: Ball
1-0: Ball
2-0: Ball
3-0: Called Strike
3-1: Ground out 5-3 (Groundball, 56)
Batting: RHB Hubert Brown 0-0: Called Strike
0-1: Ground out 5-3 (Groundball, 5)
Batting: RHB Albert Lutz 0-0: Swinging Strike
0-1: Ball
1-1: Fly out, F6 (Line Drive, 6)
Bottom of the 7th over - 0 run(s), 0 hit(s), 0 error(s), 0 left on base; Springfield 2 - Reading 7
TOP OF THE 8TH
Springfield Simpsons batting - Pitching for Reading Rainbows : LHP Beau Montgomery
Pitching: RHP Juan Martínez
Batting: RHB Brant Sherman 0-0: Called Strike
0-1: Swinging Strike
0-2: Ground out 4-3 (Groundball, 4M)
Batting: RHB Gavin Downey 0-0: Ball
1-0: Ball
2-0: Swinging Strike
2-1: Foul Ball, location: 2F
2-2: Ball
3-2: Base on Balls
Batting: RHB Manny Ramírez 0-0: Ball
1-0: Called Strike
1-1: SINGLE (Groundball, 6D)
Gavin Downey to second
Batting: LHB Pedro Cerda 0-0: Called Strike
0-1: Ball
1-1: Ball
2-1: Called Strike
2-2: Strikes out swinging
Batting: RHB Esteban Salas 0-0: Ball
1-0: Called Strike
1-1: Swinging Strike
1-2: Ball
2-2: SINGLE (Groundball, 6M)
Gavin Downey to third
Manny Ramírez to second
Runner from 3rd tries for Home, SAFE, throw made home
Batting: RHB Valentín Ramírez 0-0: Foul Ball, location: 2F
0-1: Ball
1-1: Ball
2-1: Fly out, F8 (Flyball, 8LD)
Top of the 8th over - 1 run(s), 2 hit(s), 0 error(s), 2 left on base; Springfield 3 - Reading 7
BOTTOM OF THE 8TH
Reading Rainbows batting - Pitching for Springfield Simpsons : RHP Dave Adams
Batting: LHB Shane Lynch 0-0: Bunt for hit - play at first, batter safe!
Batting: RHB Von Ford 0-0: SINGLE (Groundball, 6M)
Shane Lynch to second
Batting: RHB Donald Sanford 0-0: Ball
1-0: Foul Ball, location: 2F
1-1: Ball
2-1: Ball
3-1: Base on Balls
Shane Lynch to third
Von Ford to second
Batting: LHB Wally Coker 0-0: Called Strike
0-1: Fly out, F9 (Line Drive, 9M)
Runner from 3rd tags up, SCORES, no throw
Pitching: RHP Tom Fisher
Batting: LHB Alfonso Ruíz 0-0: Ball
1-0: Called Strike
1-1: Ball
2-1: Ground out 6-3 (Groundball, 6MD)
Von Ford to third
Donald Sanford to second
Batting: LHB Richard Henry 0-0: Ball
1-0: SINGLE (Groundball, 6MD)
Von Ford scores
Donald Sanford to third
Runner from 3rd tries for Home, SAFE, no throw or cutoff
Batting: RHB Dan Banks 0-0: Ball
1-0: Ball
2-0: Ball
3-0: Base on Balls
Richard Henry to second
Batting: RHB Hubert Brown 0-0: SINGLE (Line Drive, 6D)
Richard Henry to third
Dan Banks to second
Runner from 3rd tries for Home, SAFE, no throw or cutoff
Batting: RHB Albert Lutz 0-0: Called Strike
0-1: Foul Ball, location: 2F
0-2: Ball
1-2: SINGLE (Line Drive, 56D)
Dan Banks to third
Hubert Brown to second
Runner from 3rd tries for Home, SAFE, no throw or cutoff
Batting: LHB Shane Lynch 0-0: Called Strike
0-1: Ball
1-1: Swinging Strike
1-2: Ball
2-2: Ball
3-2: Base on Balls
Hubert Brown to third
Albert Lutz to second
Batting: RHB Von Ford 0-0: Ball
1-0: Ball
2-0: Called Strike
2-1: Ball
3-1: Base on Balls
Hubert Brown scores
Albert Lutz to third
Shane Lynch to second
Batting: RHB Donald Sanford 0-0: Called Strike
0-1: Foul Ball, location: 2F
0-2: Ball
1-2: Strikes out swinging
Bottom of the 8th over - 6 run(s), 5 hit(s), 0 error(s), 3 left on base; Springfield 3 - Reading 13
TOP OF THE 9TH
Springfield Simpsons batting - Pitching for Reading Rainbows : RHP Juan Martínez
Now at SS: Kyle Hollingsworth
Batting: RHB Nick Harris 0-0: Called Strike
0-1: Foul Ball, location: 2F
0-2: Ball
1-2: Strikes out swinging
Batting: RHB Ken McDonald 0-0: Called Strike
0-1: Ball
1-1: Called Strike
1-2: Ball
2-2: Strikes out swinging
Batting: SHB José Cruz 0-0: Called Strike
0-1: Ground out 4-3 (Groundball, 4M)
Top of the 9th over - 0 run(s), 0 hit(s), 0 error(s), 0 left on base; Springfield 3 - Reading 13
Monday, December 5th, 2016 - OOTP Baseball 17.12 Build 75